 Dungeon Crawl Stone Soup version 0.19.0-19-g8c6edcc (webtiles) character file.

21592 toast the Cleaver (level 12, -18/110 HPs)
             Began as a Minotaur Fighter on Nov 16, 2016.
             Was a High Priest of Okawaru.
             Killed from afar by a wizard (47 damage)
             ... with a crystal spear
             ... on level 14 of the Dungeon.
             The game lasted 00:40:33 (9396 turns).

toast the Cleaver (Minotaur Fighter)                Turns: 9396, Time: 00:40:35

Health: -18/110    AC: 30    Str: 37      XL:     12   Next: 55%
Magic:  17/17      EV:  8    Int:  4 (5)  God:    Okawaru [*****.]
Gold:   927        SH: 14    Dex: 15      Spells: 0 memorised, 11 levels left

rFire  . . .     SeeInvis +     w - +2 morningstar (protect)
rCold  . . .     Gourm    .     f - +0 plate armour
rNeg   . . .     Faith    .     c - +0 shield
rPois  .         Spirit   .     J - +2 hat
rElec  .         Reflect  .     K - +1 cloak {+Inv}
rCorr  .         Harm     .     v - +2 pair of gloves {Str+3}
MR     .....                    (no boots)
Stlth  ..........               q - amulet of regeneration
                                E - +4 ring of strength
                                m - +5 ring of dexterity

@: protection aura
A: retaliatory headbutt, horns 2, see invisible, deterioration 1, strong 2, wild
magic 1, sturdy frame 1
a: Heroism, Finesse, Renounce Religion, Evoke Invisibility


You were on level 14 of the Dungeon.
You worshipped Okawaru.
Okawaru was extremely pleased with you.
You were not hungry.

You visited 2 branches of the dungeon, and saw 15 of its levels.

You collected 927 gold pieces.

Inventory:

Hand Weapons
 l - a +1 vampiric hand axe
 w - a +2 morningstar of protection (weapon)
Missiles
 F - 7 silver javelins (quivered)
Armour
 c - a +0 shield (worn)
 f - a +0 plate armour (worn)
 v - a +2 pair of gloves of strength (worn)
 J - a +2 hat (worn)
 K - a +1 cloak of invisibility (worn)
Jewellery
 e - an uncursed ring of protection from magic
 k - an uncursed ring of flight
 m - a +5 ring of dexterity (left hand)
 q - an amulet of regeneration (around neck)
 B - an uncursed ring of poison resistance
 E - a +4 ring of strength (right hand)
Wands
 a - a wand of teleportation (8/9)
Scrolls
 b - 5 scrolls of identify
 i - 5 scrolls of remove curse
 n - 3 scrolls of recharging
 p - 4 scrolls of teleportation
 x - a scroll of magic mapping
 y - a scroll of amnesia
 C - 5 scrolls of fear
Potions
 d - a potion of might
 j - 2 potions of heal wounds
 o - 8 potions of curing
 A - a potion of agility {unknown}
 H - 2 potions of magic
Comestibles
 g - 7 beef jerkies
 h - 7 fruits
 r - 3 royal jellies
 s - 6 bread rations
 t - 10 chunks of flesh
 u - 3 meat rations
 z - 7 slices of pizza


   Skills:
 + Level 11.3 Fighting
 * Level 14.4 Axes
 + Level 11.0 Armour
 + Level 10.8 Shields
 + Level 8.1 Invocations


You had 11 spell levels left.
You didn't know any spells.

Dungeon Overview and Level Annotations

Branches:
Dungeon (14/15)            Temple (1/1) D:4            Lair (0/6) D:10
    Orc (0/2) D:10
 Vaults: D:13-14

Altars:
Dithmenos
Kikubaaqudgha
Makhleb
Nemelex Xobeh
Okawaru
Ru
Sif Muna
Trog
Beogh

Shops:
D:5 !?:[   D:9 *=   D:12 *


Innate Abilities, Weirdness & Mutations

You reflexively headbutt those who attack you in melee.
You have a pair of horns on your head.
You have supernaturally acute eyesight. (SInv)
Your body sometimes deteriorates upon taking damage.
Your muscles are very strong. (Str +4)
Your spells are a little harder to cast, but a little more powerful.
Your movements are slightly less encumbered by armour. (ER -2)


Message History

Your body deteriorates!
You feel dopey.
You hear a horrible gurgling sound! x2
You hit the fire dragon. You headbutt the fire dragon.
The fire dragon is lightly wounded.
The fire dragon breathes flames at you. The blast of flame hits you!
* * * LOW HITPOINT WARNING * * *
You hear a horrible gurgling sound!
You hit the fire dragon. You headbutt the fire dragon!!
The fire dragon is heavily wounded.
The fire dragon bites you but does no damage.
You block the fire dragon's attack. x2
You impale the fire dragon!!
The fire dragon is severely wounded.
The fire dragon bites you but does no damage.
The fire dragon claws you but does no damage.
You block the fire dragon's attack. The wizard casts a spell at you.
The crystal spear hits you!
You die...

#######(#....#.#
.......(.....#.#
#######(###.##.#
#.# #.##.#
####.###.##.####
#.)()[......##..
#
#.###)......##.#
#.####.#
#.......##..
#...@..#
#......<....
#####Dp#
#.#...#.###.
#..#
#.#####.####
#..# #........#
#... .........#
#..##########.#
...# #.# #..#
#.# #.#


You could see a fire dragon and a wizard.

Vanquished Creatures
  Erolcha (D:11)
  Harold (D:10)
  A hydra (D:12)
  A centaur warrior (D:14)
  3 hill giants
  A wolf spider zombie (D:13)
  A deep elf mage (D:13)
  4 ugly things
  A cyclops (D:13)
  2 gargoyles
  A komodo dragon (shapeshifter) (D:13)
  A komodo dragon (D:10)
  An efreet (D:13)
  A two-headed ogre (D:7)
  A hornet (D:13)
  2 hippogriffs
  6 slime creatures (D:14)
  2 wraiths
  A vampire (D:13)
  12 yaks
  2 hungry ghosts (D:10)
  2 basilisks
  A human (D:8)
  2 hogs (D:8)
  4 vampire mosquitoes (D:14)
  The ghost of sugabear the Insei, an amateur DsGl (D:4)
  A soldier ant (D:14)
  3 water moccasins
  9 orc warriors
  6 sky beasts
  4 black bears
  An ice beast (D:6)
  A necrophage (D:9)
  4 phantoms
  An eye of draining (D:13)
  5 ogres
  12 centaurs
  11 bullfrogs
  2 scorpions
  9 wights
  2 vampire bats (D:5)
  6 howler monkeys
  2 crimson imps
  2 bullfrog zombies (D:12)
  15 orc priests
  A gnoll shaman (D:4)
  6 hounds
  3 jellies
  2 bullfrog skeletons
  3 centaur skeletons
  An iguana (D:4)
  17 orc wizards
  8 worker ants
  A hound skeleton (D:4)
  4 gnolls (D:8)
  7 adders
  3 shadow imps
  An ooze (D:2)
  2 adder skeletons
  A worm (D:2)
  A dart slug (D:3)
  7 leopard geckos
  42 orcs
  4 bat skeletons (D:5)
  A bat zombie (D:5)
  7 giant cockroaches
  5 goblins
  14 hobgoblins
  11 jackals
  5 kobolds
  2 quokkas
  2 ball pythons
  11 bats
  4 frilled lizards
  A leopard gecko zombie (D:9)
  4 rats
  A bush (D:12)
334 creatures vanquished.

Vanquished Creatures (others)
  3 plants
  4 toadstools (D:1)
7 creatures vanquished.

Grand Total: 341 creatures vanquished

Notes
Turn   | Place    | Note
-------+----------+-------------------------------------------
     0 | D:1      | toast the Minotaur Fighter began the quest for the Orb.
     0 | D:1      | Reached XP level 1. HP: 19/19 MP: 0/0
    70 | D:1      | Reached XP level 2. HP: 23/27 MP: 1/1
   488 | D:1      | Reached XP level 3. HP: 33/33 MP: 2/2
   513 | D:1      | Reached skill level 3 in Axes
  1007 | D:2      | Found a shadowy altar of Dithmenos.
  1572 | D:3      | Found a sacrificial altar of Ru.
  1599 | D:3      | Reached XP level 4. HP: 40/40 MP: 3/3
  1603 | D:3      | Reached skill level 4 in Axes
  1865 | D:3      | Reached XP level 5. HP: 47/47 MP: 4/4
  2382 | D:4      | Found a staircase to the Ecumenical Temple.
  2387 | Temple   | Entered the Ecumenical Temple
  2423 | Temple   | Became a worshipper of Warmaster Okawaru
  2597 | D:4      | Reached skill level 5 in Axes
  2618 | D:4      | Reached skill level 5 in Fighting
  2618 | D:4      | Reached XP level 6. HP: 47/56 MP: 5/5
  2646 | D:4      | Reached skill level 5 in Armour
  2660 | D:4      | Noticed sugabear's ghost (amateur DsGl)
  2688 | D:4      | Killed sugabear's ghost
  2688 | D:4      | Reached * piety under Okawaru
  2688 | D:4      | Reached skill level 5 in Shields
  2787 | D:4      | Found a bloodstained altar of Trog.
  2805 | D:4      | Reached skill level 6 in Axes
  2805 | D:4      | Reached XP level 7. HP: 61/61 MP: 6/6
  3039 | D:5      | Entered Level 5 of the Dungeon
  3071 | D:5      | Found Juuttaun's Magic Scroll Emporium.
  3141 | D:5      | Found Nigrol's Book Emporium.
  3234 | D:5      | Found Josmig's Armour Shoppe.
  3405 | D:5      | Found Sizaqos's Distillery.
  3682 | D:5      | Reached skill level 1 in Invocations
  3704 | D:5      | Found an ancient bone altar of Kikubaaqudgha.
  3925 | D:6      | Reached ** piety under Okawaru
  3925 | D:6      | Reached skill level 7 in Axes
  3928 | D:6      | Reached XP level 8. HP: 70/70 MP: 8/8
  4621 | D:7      | Noticed a two-headed ogre
  4625 | D:7      | Killed a two-headed ogre
  4625 | D:7      | Reached *** piety under Okawaru
  4625 | D:7      | Reached skill level 8 in Axes
  4809 | D:7      | Reached XP level 9. HP: 77/79 MP: 10/10
  5002 | D:7      | Gained mutation: You expend magic power (3 MP) to strengthen your wands. [potion of mutation]
  5002 | D:7      | Gained mutation: You have supernaturally acute eyesight. (SInv) [potion of mutation]
  5002 | D:7      | Gained mutation: Your movements are slightly less encumbered by armour. (ER -2) [potion of mutation]
  5179 | D:8      | Reached skill level 9 in Axes
  5194 | D:8      | Reached **** piety under Okawaru
  5287 | D:8      | Noticed a gargoyle
  5306 | D:8      | Killed a gargoyle
  5306 | D:8      | Reached skill level 10 in Axes
  5644 | D:8      | Reached skill level 5 in Invocations
  5648 | D:8      | Reached ***** piety under Okawaru
  5648 | D:8      | Received a gift from Okawaru
  5747 | D:8      | Reached XP level 10. HP: 88/88 MP: 12/12
  5753 | D:8      | Gained mutation: Your spells are a little harder to cast, but a little more powerful. [mutagenic meat]
  5856 | D:9      | Found Beag's Jewellery Boutique.
  5967 | D:9      | Found Naidwuew's Assorted Antiques.
  5976 | D:9      | Gained mutation: Your body sometimes deteriorates upon taking damage. [mutagenic meat]
  5977 | D:9      | Lost mutation: You expend magic power (3 MP) to strengthen your wands. [mutagenic meat]
  5978 | D:9      | Gained mutation: Your muscles are strong. (Str +2) [mutagenic meat]
  6158 | D:9      | Reached skill level 11 in Axes
  6211 | D:9      | Received a gift from Okawaru
  6655 | D:10     | Entered Level 10 of the Dungeon
  6730 | D:10     | Found a staircase to the Lair.
  6830 | D:10     | Noticed Harold
  6850 | D:10     | Killed Harold
  6850 | D:10     | Reached skill level 12 in Axes
  6907 | D:10     | Reached XP level 11. HP: 97/97 MP: 14/14
  6945 | D:10     | Found a staircase to the Orcish Mines.
  6970 | D:10     | Found a roughly hewn altar of Beogh.
  7038 | D:10     | Noticed a hill giant
  7045 | D:10     | Killed a hill giant
  7381 | D:11     | Noticed a hill giant
  7395 | D:11     | Killed a hill giant
  7395 | D:11     | Received a gift from Okawaru
  7565 | D:11     | Reached skill level 10 in Fighting
  7599 | D:11     | Noticed Erolcha
  7607 | D:11     | Killed Erolcha
  7722 | D:11     | Noticed a purple ugly thing
  7732 | D:11     | Killed a purple ugly thing
  7749 | D:11     | Noticed a red ugly thing
  7761 | D:11     | Killed a red ugly thing
  8147 | D:12     | Noticed a seven-headed hydra
  8162 | D:12     | Killed a seven-headed hydra
  8162 | D:12     | Reached skill level 13 in Axes
  8319 | D:12     | Reached skill level 10 in Shields
  8333 | D:12     | Reached skill level 10 in Armour
  8337 | D:12     | Noticed a hill giant
  8359 | D:12     | Killed a hill giant
  8475 | D:12     | Found Hietull's General Store.
  8635 | D:13     | Reached XP level 12. HP: 100/108 MP: 16/16
  8694 | D:13     | Received a gift from Okawaru
  8712 | D:13     | Identified a scroll of acquirement
  8969 | D:13     | Reached skill level 14 in Axes
  9048 | D:13     | Gained mutation: Your muscles are very strong. (Str +4) [mutagenic meat]
  9302 | D:14     | Noticed a centaur warrior
  9312 | D:14     | Killed a centaur warrior
  9312 | D:14     | Received a gift from Okawaru
  9385 | D:14     | Noticed a fire dragon
  9396 | D:14     | Killed from afar by a wizard

Skill      XL: |  1  2  3  4  5  6  7  8  9 10 11 12 |
---------------+-------------------------------------+-----
Fighting       | 4 5 6 7 8 9 10 11 | 11.3
Shields        | 4 5 6 8 9 10 | 10.8
Axes           | 3 4 5 6 7 8 10 12 13 14 | 14.4
Armour         | 4 5 6 7 9 10 11 | 11.0
Invocations    | 2 3 5 6 7 8 |  8.1

Action                   |  1- 3 |  4- 6 |  7- 9 | 10-12 || total
-------------------------+-------+-------+-------+-------++-------
Melee: War axe           |    38 |       |       |       ||    38
       Headbutt          |    18 |    28 |    84 |   215 ||   345
       Hand axe          |   106 |   150 |   292 |   368 ||   916
       Morningstar       |       |       |       |   254 ||   254
Throw: Javelin           |       |       |       |     2 ||     2
Invok: Heroism           |       |       |       |     2 ||     2
       Finesse           |       |       |       |     1 ||     1
  Use: Scroll            |     7 |     4 |     7 |     7 ||    25
       Potion            |       |       |     2 |     3 ||     5
 Stab: Invisible         |       |       |       |     3 ||     3
  Eat: Bread ration      |     1 |       |       |       ||     1
       Beef jerky        |     1 |       |       |       ||     1
       Chunk             |     1 |     4 |    10 |    21 ||    36
Armor: Scale mail        |    52 |       |       |       ||    52
       Plate armour      |    24 |    74 |   182 |   275 ||   555
Dodge: Dodged            |    41 |    15 |    58 |   120 ||   234
Block: Shield            |    78 |    56 |   152 |   370 ||   656
